 Dungeon Crawl Stone Soup version 0.29-a0-542-g075992c915 (webtiles) character file.

Game seed: 967043256087823328

99 Flugkiller the Skirmisher (level 5, 0/47 HPs)
             Began as a Meteoran Chaos Knight on June 3, 2022.
             Was a Plaything of Xom.
             Slain by an ufetubus (3 damage)
             ... in a sewer.
             The game lasted 00:03:35 (931 turns).

Flugkiller the Skirmisher (Meteoran Chaos Knight)    Turns: 931, Time: 00:03:35

Health: 0/47       AC:  3    Str: 15    XL:     5   Next: 23%
Magic:  8/8        EV:  9    Int: 14    God:    Xom [...*..]
Gold:   126        SH:  0    Dex: 13    Spells: 6/7 levels left

rFire   . . .      SeeInvis .   g - +3 dagger
rCold   . . .      Faith    .   (no shield)
rNeg    . . .      Spirit   .   j - +1 robe {Archmagi}
rPois   .          Reflect  .   (no helmet)
rElec   .          Harm     .   (no cloak)
rCorr   .          Rampage  .   (no gloves)
Will    .....      Archmagi +   (no boots)
Stlth   +.........              (no amulet)
HPRegen 0.15/turn               (no ring)
MPRegen 0.11/turn               (no ring)

@: glowing, constricted
A: sense surroundings 1, otherworldly, glowing, explore regen
a: Renounce Religion


You were in a sewer.
You worshipped Xom.
You were a favourite toy of Xom.
You visited 1 branch of the dungeon, and saw 3 of its levels.
You also visited: Sewer.

You collected 126 gold pieces.

Inventory:

Hand Weapons
 a - a +0 hand axe of chaos
 g - a +3 dagger (weapon)
   (You took it off a goblin on level 1 of the Dungeon)
Missiles
 e - a throwing net
Armour
 b - a +2 leather armour
 j - a +1 robe of the Archmagi (worn)
   (You found it on level 1 of the Dungeon)
Scrolls
 f - a scroll of teleportation {unknown}
 k - a scroll of acquirement {unknown}
 l - a scroll of torment {unknown}
Potions
 d - 2 potions of lignification {unknown}
 h - a potion of haste {unknown}
 i - a potion of degeneration {unknown}
Miscellaneous
 c - a piece from Xom's chessboard (15/15) (quivered)


   Skills:
 - Level 4.8 Fighting
 - Level 3.6 Axes
 - Level 2.4 Armour
 - Level 1.2 Dodging
 + Level 1.7 Spellcasting
 + Level 1.7 Conjurations
 + Level 1.6 Air Magic


You had 6 spell levels left.
You knew the following spells:

 Your Spells              Type           Power      Damage    Failure   Level
a - Shock                 Conj/Air       32%        1d5       12%         1

Your spell library contained the following spells:

 Spells                   Type           Power      Damage    Failure   Level
 Magic Dart               Conj           32%        1d4       12%         1
 Call Imp                 Summ           1%         N/A       36%         2
 Swiftness                Air            8%         N/A       36%         3
 Mephitic Cloud           Conj/Pois/Air  6%         N/A       43%         3
 Airstrike                Air            4%         N/A       77%         4


Dungeon Overview and Level Annotations

Branches:
Dungeon (3/15)              Sewer (1/1)

Altars:


Innate Abilities, Weirdness & Mutations

You passively map a small area around you.
You are easily found by Zot.
You glow in the dark.
You regain HP and MP as you explore.


Message History

An ufetubus comes into view.
The ufetubus hits you. The ufetubus completely misses you.
You hit the ufetubus.
You kill the ufetubus!
The kobold hits you but does no damage.
You completely miss the ufetubus. The ufetubus closely misses you.
The ufetubus hits you. The kobold misses you.
The ufetubus hits you but does no damage.
The ufetubus closely misses you.
You closely miss the ufetubus. The kobold hits you but does no damage.
The ufetubus misses you. The ufetubus hits you.
You hit the ufetubus.
The ufetubus is severely wounded.
The ufetubus closely misses you.
The ufetubus hits you but does no damage.
The kobold barely misses you. The ufetubus completely misses you.
The ufetubus misses you.
You barely miss the ufetubus.
The ufetubus is severely wounded.
The kobold misses you. The ufetubus barely misses you.
The ufetubus closely misses you.
You miss the ufetubus.
The ufetubus is severely wounded.
The ufetubus hits you. x2; The kobold hits you but does no damage.
The ufetubus hits you. The ufetubus barely misses you.
You hit the ufetubus.
You kill the ufetubus!
The kobold barely misses you.
You completely miss the kobold. The kobold barely misses you.
You hit the kobold.
You kill the kobold!
You hear a splash. x2
You enter the shallow water.
Moving in this stuff is going to be slow.
Things that are here:
a +0 short sword; 5 stones; a kobold corpse
There is an open door here.
A kobold comes into view. It is wielding a +0 club.
The kobold shouts!
You enter the shallow water.
Moving in this stuff is going to be slow.
You hit the kobold but do no damage. The kobold barely misses you.
You hit the kobold.
The kobold is moderately wounded.
The kobold barely misses you.
You hit the kobold.
The kobold is severely wounded.
The kobold hits you with a +0 club.
You barely miss the kobold.
The kobold is severely wounded.
The kobold hits you with a +0 club.
You hit the kobold.
You kill the kobold!
Things that are here:
a +0 club; a kobold corpse A kobold comes into view.
It is wielding a +0 short sword.
A bat comes into view.
The bat barely misses you. The bat hits you but does no damage.
The bat hits you. The bat hits you but does no damage.
You hit the bat.
You kill the bat!
The kobold hits you with a +0 short sword.
You hit the kobold.
The kobold is moderately wounded.
The kobold misses you.
You hit the kobold but do no damage.
The kobold is moderately wounded.
The kobold barely misses you.
You hit the kobold.
You kill the kobold!
Things that are here:
a +0 short sword; a kobold corpse A ball python comes into view.
Found a burning altar of Makhleb.
The ufetubus shouts!
You hear a shout! x2
The ball python hisses angrily.
An ufetubus comes into view.
The ufetubus hits you but does no damage.
The ufetubus hits you.
Things that are here:
a +0 short sword; a kobold corpse You closely miss the ufetubus.
The ufetubus hits you. The ufetubus closely misses you.
The ufetubus hits you. x2
* * * LOW HITPOINT WARNING * * *
You hit the ufetubus.
The ufetubus is severely wounded.
The ufetubus closely misses you. The ufetubus hits you.
* * * LOW HITPOINT WARNING * * *
You closely miss the ufetubus.
The ufetubus is severely wounded.
The ufetubus hits you.
* * * LOW HITPOINT WARNING * * *
The ufetubus closely misses you. The ball python bites you.
* * * LOW HITPOINT WARNING * * *
The ball python grabs you. The ball python constricts you.
The ufetubus hits you.
* * * LOW HITPOINT WARNING * * *
The ufetubus hits you.
You die...

* ########### ######
#≈≈≈≈≈≈≈≈≈≈ ≈≈≈≈≈≈ ,
#≈≈≈.≈≈≈≈≈≈ ≈≈≈≈≈≈ , ≈
#≈.≈≈≈≈≈≈≈≈ ≈≈≈≈≈≈ *
##.################ ,
*#≈≈.'.≈≈≈≈≈≈≈≈≈≈ ≈
#≈≈)#..≈≈≈≈≈≈≈≈≈≈≈≈≈ ≈
#≈≈.#.)≈≈≈≈≈≈≈≈≈≈≈≈≈
*#≈≈@#.≈≈≈≈≈≈≈≈≈≈≈≈≈≈
#≈S5#..≈≈≈≈≈≈≈≈≈≈≈≈≈ *
#≈≈.#....≈≈≈≈≈≈≈≈≈≈ ≈
*##.####.#≈###≈≈#≈### , ,,
,#5..#≈≈............. +
_.§.'...≈≈≈≈........).).
....#...#≈≈.............
,.§..###.####.###≈##≈##≈##
* * ...5 #≈..
...≈≈≈≈≈≈≈≈≈≈≈≈


You could see 2 ufetubi and a ball python.

Vanquished Creatures
  An adder (D:2)
  2 shadow imps (Sewer)
  3 ufetubi (Sewer)
  A dart slug (D:1)
  2 ball pythons (D:1)
  4 bats
  6 endoplasms
  5 giant cockroaches
  4 goblins (D:1)
  5 hobgoblins
  2 jackals (D:2)
  5 quokkas
  2 frilled lizards
  7 kobolds
  4 kobold zombies (Sewer)
  2 rats
55 creatures vanquished.

Vanquished Creatures (others)
  5 kobold zombies (Sewer)
5 creatures vanquished.

Grand Total: 60 creatures vanquished

Notes
Turn   | Place    | Note
-------+----------+-------------------------------------------
     0 | D:1      | Flugkiller the Meteoran Chaos Knight began the quest for
                  | the Orb.
     0 | D:1      | Reached XP level 1. HP: 19/19 MP: 2/2
    63 | D:1      | Reached XP level 2. HP: 21/27 MP: 3/3
    73 | D:1      | XOM: smoke on damage
    95 | D:1      | Found a faded altar of an unknown god.
   111 | D:1      | Reached skill level 4 in Fighting
   232 | D:1      | Reached XP level 3. HP: 33/33 MP: 4/4
   344 | D:2      | XOM: divination: magic mapping
   347 | D:2      | XOM: silly message
   427 | D:2      | Learned a level 1 spell: Shock
   510 | D:1      | Reached XP level 4. HP: 38/41 MP: 0/5
   553 | D:1      | XOM: silly message
   653 | D:2      | XOM: 3-stop teleportation journey
   659 | D:3      | XOM: noise
   692 | D:3      | Found a glowing drain.
   780 | Sewer    | XOM: stealth player
   780 | Sewer    | Entered a sewer
   788 | Sewer    | Reached skill level 1 in Spellcasting
   788 | Sewer    | Reached skill level 1 in Conjurations
   837 | Sewer    | Reached skill level 1 in Air Magic
   881 | Sewer    | Reached XP level 5. HP: 34/47 MP: 6/8
   924 | Sewer    | Found a burning altar of Makhleb.
   931 | Sewer    | Slain by an ufetubus

Illustrated notes

Levels and vault maps discovered:
D:1:      dpeg_arrival_prison, layout_loops_ring, basic_ecumenical_altar
D:2:      layout_basic
D:3:      layout_rooms, kennysheep_okawaru_gauntlet, portal_sewer_entry_f,
          nicolae_concentric_dashed_squares_wild
Sewer:    kennysheep_sewer_church

Skill      XL: |  1  2  3  4 |
---------------+-------------+-----
Fighting       | 4 |  4.8
Spellcasting   | 1 |  1.7
Conjurations   | 1 |  1.7
Air Magic      | 1 |  1.6
Axes           | |  3.6
Armour         | |  2.4
Dodging        | |  1.2

Action                   |  1- 3 |  4- 6 || total
-------------------------+-------+-------++-------
Melee: Hand axe          |    33 |       ||    33
       Dagger            |    65 |   117 ||   182
       Punch             |       |     1 ||     1
 Cast: Shock             |     4 |     6 ||    10
 Stab: Sleeping          |       |     1 ||     1
Armor: Leather armour    |    61 |       ||    61
       Robe              |       |    50 ||    50
Dodge: Dodged            |    60 |    87 ||   147

Table legend: (Time is in decaauts)
 A = Elapsed time spent in this place.
 B = Non-inter-level travel time spent in this place.
 C = Inter-level travel time spent in this place.
 D = Time resting spent in this place.
 E = Time spent auto-exploring this place.
 F = Levels seen in this place.
 G = Mean time per level.
                   A        B        C        D        E       F      G
               +--------+--------+--------+--------+--------+-----+--------+
         Total |    938 |    869 |     69 |      0 |      0 |   4 |  234.5 |
       Dungeon |    787 |    718 |     69 |      0 |      0 |   3 |  262.3 |
         Sewer |    151 |    151 |      0 |      0 |      0 |   1 |  151.0 |
               +--------+--------+--------+--------+--------+-----+--------+

Top non-repeatable levels by time:
     D:1: 478 daAuts
     D:2: 182 daAuts
   Sewer: 151 daAuts
     D:3: 125 daAuts
